Map: Glittering Ashes LE

Players

WuTang

  • Race: Protoss Protoss
  • League: Diamond
  • Spawn Location: 7:00

Warthog - Winner!

  • Race: Terran Terran
  • League: Diamond
  • Spawn Location: 1:00

VOD

Have the link to the VOD?

Description

Time

  • Played on: Nov. 16, 2021, 6:04 p.m.
  • Length: 13:37
Show
View Real Time Build Order
Export as new Build Order

WuTang Protoss 

Build Orders:  

Get SALT Encoding   

  12  0:00  Probe  
  13  0:12  Probe  
  14  0:19  Pylon  
  14  0:24  Probe  
  15  0:39  Probe (Chrono Boost)  
  15  0:40  Gateway  
  16  0:46  Assimilator  
  16  0:48  Probe (Chrono Boost)  
  17  0:53  Probe  
  18  1:00  Assimilator  
  18  1:10  Gateway  
  18  1:12  Probe  
  19  1:24  Probe  
  20  1:30  Cybernetics Core  
  20  1:38  Pylon  
  20  1:42  Probe  
  21  2:00  Probe  
  22  2:05  Stalker x2 (Chrono Boost)  
  26  2:10  Warp Gate  
  26  2:12  Probe  
  27  2:19  Pylon  
  27  2:24  Probe  
  28  2:36  Probe  
  29  2:48  Nexus  
  29  2:51  Probe  
  30  2:58  Shield Battery  
  30  3:14  Probe  
  31  3:34  Stargate  
  27  3:42  Twilight Council  
  27  3:45  Probe  
  28  3:49  Pylon  
  28  3:53  Shield Battery  
  28  3:57  Probe  
  28  4:00  Stalker x2  
  33  4:04  Gateway  
  33  4:07  Probe  
  34  4:13  Probe  
  35  4:20  Shield Battery, Probe (Chrono Boost)  
  35  4:23  Oracle (Chrono Boost)  
  40  4:34  Probe (Chrono Boost)  
  40  4:37  Blink  
  40  4:39  Probe (Chrono Boost)  
  40  4:43  Stalker  
  40  4:45  Probe  
  44  4:48  Probe  
  45  4:55  Pylon  
  45  4:57  Probe  
  42  5:11  Stalker  
  41  5:23  Probe  
  42  5:38  Probe  
  42  5:39  Probe  
  41  5:51  Phoenix (Chrono Boost), Probe x2  
  45  6:02  Stalker  
  45  6:03  Probe x2, Stalker  
  51  6:15  Probe (Chrono Boost)  
  52  6:18  Probe (Chrono Boost)  
  52  6:19  Robotics Facility  
  54  6:27  Probe (Chrono Boost)  
  54  6:29  Phoenix, Probe (Chrono Boost)  
  54  6:32  Probe (Chrono Boost)  
  57  6:33  Probe (Chrono Boost)  
  59  6:44  Probe  
  60  6:48  Nexus  
  60  6:50  Probe, Forge  
  61  6:55  Pylon  
  61  7:01  Probe  
  62  7:02  Probe  
  63  7:13  Probe  
  64  7:17  Probe  
  64  7:19  Protoss Ground Weapons Level 1 (Chrono Boost), Immortal  
  64  7:22  Robotics Bay  
  69  7:27  Gateway  
  69  7:28  Gateway  
  69  7:34  Assimilator  
  69  7:37  Shield Battery, Assimilator  
  69  7:40  Shield Battery, Probe  
  69  7:41  Probe  
  67  7:52  Probe  
  67  7:53  Probe  
  67  8:01  Immortal (Chrono Boost)  
  67  8:02  Zealot x3  
  67  8:05  Probe x3  
  80  8:17  Probe x2  
  80  8:18  Extended Thermal Lance (Chrono Boost)  
  82  8:31  Zealot x5  
  92  8:34  Probe  
  92  8:36  Shield Battery  
  92  8:39  Pylon  
  93  8:44  Pylon  
  93  8:55  Colossus (Chrono Boost)  
  93  8:57  Probe x2  
  93  9:02  Probe  
  102  9:09  Probe, Protoss Ground Weapons Level 2 (Chrono Boost)  
  103  9:20  Forge  
  103  9:23  Gateway  
  103  9:24  Pylon  
  103  9:26  Gateway  
  103  9:29  Pylon  
  103  9:30  Stalker x2  
  103  9:31  Sentry  
  109  9:35  Gateway x2, Assimilator  
  109  9:39  Assimilator  
  109  9:41  Observer  
  110  9:48  Pylon  
  110  9:50  Robotics Facility  
  110  10:01  Colossus (Chrono Boost)  
  116  10:08  Sentry  
  116  10:09  Zealot x2, Sentry  
  116  10:10  Zealot  
  126  10:19  Photon Cannon  
  126  10:22  Photon Cannon  
  126  10:23  Photon Cannon  
  102  10:32  Stalker x4  
  102  10:33  Stalker x3  
Show
View Real Time Build Order
Export as new Build Order

Warthog Terran - Winner!

Build Orders:  

Get SALT Encoding   

  12  0:00  SCV  
  13  0:12  SCV  
  14  0:17  Supply Depot  
  14  0:25  SCV  
  15  0:39  SCV  
  15  0:42  Barracks  
  16  0:45  Refinery  
  16  0:51  SCV  
  17  1:03  SCV  
  18  1:15  SCV  
  19  1:30  Orbital Command  
  19  1:31  Marine  
  20  1:46  Command Center  
  20  1:57  SCV  
  20  1:58  Factory  
  21  2:05  Barracks Reactor  
  21  2:12  Supply Depot  
  21  2:16  SCV  
  22  2:25  Bunker  
  22  2:28  SCV  
  23  2:31  Refinery  
  23  2:41  Marine  
  23  2:42  Marine  
  23  2:44  Hellion  
  27  2:45  SCV  
  28  2:52  Starport  
  28  2:57  SCV  
  29  2:59  Marine x2  
  31  3:08  Orbital Command  
  31  3:14  Factory Tech Lab  
  31  3:21  Marine  
  31  3:23  SCV  
  30  3:35  SCV  
  30  3:37  Hellion, Medivac  
  35  3:46  Marine x2  
  37  3:49  Supply Depot  
  38  3:55  SCV x2  
  38  3:58  Hellion  
  41  4:04  Marine  
  41  4:07  SCV x2  
  41  4:08  Marine  
  45  4:19  SCV  
  45  4:20  SCV  
  47  4:31  Barracks x2  
  47  4:32  SCV  
  47  4:33  Marine x2  
  47  4:34  Factory Tech Lab, Starport Tech Lab  
  47  4:35  SCV  
  51  4:42  Supply Depot  
  51  4:44  Supply Depot, SCV  
  52  4:47  SCV  
  53  4:56  SCV  
  54  5:09  SCV x2  
  54  5:14  Engineering Bay  
  56  5:15  Engineering Bay, Command Center, Refinery  
  56  5:16  Refinery  
  56  5:17  Raven  
  56  5:19  Siege Tank  
  56  5:20  Barracks Tech Lab  
  57  5:22  SCV  
  56  5:30  Marine x2  
  56  5:31  Marine  
  56  5:33  Stimpack  
  58  5:38  SCV x2  
  58  5:42  Terran Infantry Weapons Level 1  
  59  5:48  Marine x2  
  60  5:50  SCV  
  60  5:51  SCV  
  60  5:57  Combat Shield, Marine  
  62  5:58  Terran Infantry Armor Level 1  
  62  6:03  Siege Tank  
  66  6:12  SCV x2  
  61  6:27  Barracks  
  61  6:29  Barracks, SCV x2  
  61  6:30  Armory  
  61  6:31  Marauder x2, Marine  
  67  6:35  Orbital Command  
  67  6:44  Starport Reactor  
  67  6:48  SCV x2  
  67  6:52  Marine x2  
  67  6:53  Marauder, Marine  
  74  6:57  Siege Tank  
  77  7:04  Supply Depot  
  77  7:05  Supply Depot  
  77  7:10  Marine  
  77  7:12  Concussive Shells  
  77  7:23  Marauder x2, Marine x2  
  77  7:24  Marauder  
  77  7:26  Medivac x2  
  77  7:27  SCV x2, Marine  
  77  7:29  Supply Depot  
  92  7:34  Supply Depot  
  92  7:41  Marine  
  92  7:43  Orbital Command  
  93  7:50  Marauder  
  95  7:51  SCV x2  
  97  8:03  SCV x2, Marine x2  
  97  8:04  Marauder, Marine x2  
  105  8:06  Terran Infantry Armor Level 2, Terran Infantry Weapons Level 2  
  105  8:08  Terran Vehicle Weapons Level 1  
  105  8:09  Medivac, Siege Tank  
  105  8:11  Marine  
  111  8:14  Supply Depot  
  111  8:16  Supply Depot  
  111  8:23  SCV x2  
  113  8:38  Supply Depot x2  
  113  8:40  Barracks Reactor, Missile Turret  
  113  8:43  Missile Turret  
  113  8:44  Missile Turret  
  113  8:47  Missile Turret  
  113  8:48  SCV x2  
  113  8:49  SCV  
  113  8:50  Marauder, Marine x4  
  113  8:51  Medivac, Siege Tank  
  113  8:54  Refinery  
  113  8:55  Refinery  
  127  9:00  SCV  
  127  9:02  Supply Depot  
  128  9:04  Factory x2  
  128  9:08  SCV, Marine  
  129  9:13  Marine x2  
  129  9:14  Marauder  
  133  9:20  Marine x2  
  133  9:21  Marauder  
  133  9:22  Medivac  
  133  9:23  Siege Tank  
  142  9:25  Marine  
  143  9:32  Marauder  
  145  9:41  Marine  
  145  9:42  Marauder, Marine x3  
  145  9:43  Marine  
  145  9:44  SCV x3  
  155  9:49  Factory Tech Lab  
  155  9:51  Supply Depot  
  155  9:53  Marine  
  155  9:54  Supply Depot  
  155  9:56  SCV  
  155  9:57  SCV  
  155  9:59  Missile Turret  
  157  10:00  Missile Turret, Marine  
  157  10:04  Factory Tech Lab  
  157  10:13  SCV x2, Marauder, Marine x4  
  165  10:15  Siege Tank, Marine  
  165  10:18  Marine  
  167  10:31  Marauder, Marine x2  
  167  10:33  Marine  
  165  10:49  Marine  
  165  10:50  Marauder  
  165  10:55  Siege Tank  
  165  10:56  Medivac, Marauder, Marine  
  173  11:48  Supply Depot  
  173  11:49  Supply Depot  
  173  11:50  Supply Depot  
  173  11:51  Supply Depot  
  173  12:00  Command Center  
  173  12:10  Medivac x2, Marauder, Marine x5  
  173  12:11  Marauder  
  173  12:28  Marauder, Marine x2  
  173  12:55  Siege Tank x3  
Tags
 
Add a new tag
Caveats
  • Supply blocks, unpowered buildings, or Contaminate may cause inaccurate times.
  • Supply counts are checked every 10 seconds.